 Dungeon Crawl Stone Soup version 0.31.0-9-g3a7656b989 (webtiles) character file.

Game seed: 13308774765553182724

125328 Kallu the Devastator (level 16, -11/127 HPs)
             Began as a Barachi Alchemist on Jan 25, 2024.
             Was an Initiate of Gozag.
             Shot with a bolt by a naga sharpshooter (27 damage)
             ... on level 1 of the Snake Pit on Jan 26, 2024.
             The game lasted 02:18:47 (42118 turns).

Kallu the Devastator (Barachi Alchemist)           Turns: 42118, Time: 02:18:48

Health: -11/127    AC:  7    Str: 20    XL:     16   Next: 95%
Magic:  20/32      EV: 17    Int: 21    God:    Gozag
Gold:   9396       SH:  0    Dex: 16    Spells: 14/39 levels left

rFire   + . .        a - staff of conjuration
rCold   . . .        (no shield)
rNeg    + . .        L - +4 robe "Iniore" {rN+ Dex+3}
rPois   .            o - +0 helmet
rElec   .            q - scarf {+Inv}
rCorr   .            (no gloves)
SInv    +            (no boots)
Will    +....        (no amulet)
Stlth   +++          Q - ring of see invisible
HPRegen 0.41/turn    c - ring "Naschab" {Wiz rF+ Str+6}
MPRegen 0.23/turn

%: wizardry (x1)
@: unable to hop, slow
A: amphibious, slowness 1, strong legs 2, +LOS, strong 1
a: Hop, Renounce Religion, Evoke Invisibility, Potion Petition, Call Merchant,
Bribe Branch


You were on level 1 of the Snake Pit.
You worshipped Gozag.
Gozag was greatly pleased with you.
You visited 5 branches of the dungeon, and saw 24 of its levels.
You also visited: Ossuary.

You collected 10534 gold pieces.
You spent 1138 gold pieces at shops.

Inventory:

Missiles
 w - 25 poisoned darts
 J - a throwing net
 M - 9 javelins
 R - 2 curare-tipped darts
Armour
 o - a +0 helmet (worn)
 q - a scarf of invisibility (worn)
 L - the +4 robe "Iniore" (worn) {rN+ Dex+3}
   (You bought it in a shop on level 8 of the Dungeon)

   Dex+3:     It affects your dexterity (+3).
   rN+:       It protects you from negative energy.
 W - a +0 cloak
Magical Staves
 a - a staff of conjuration (weapon)
Jewellery
 b - a +6 ring of dexterity
 c - the ring "Naschab" (right hand) {Wiz rF+ Str+6}
   (You acquired it on level 13 of the Dungeon)

   [ring of wizardry]

   Wiz:       It improves your spell success rate.
   Str+6:     It affects your strength (+6).
   rF+:       It protects you from fire.
 l - a +5 ring of evasion
 C - a ring of flight
 Q - a ring of see invisible (left hand)
Wands
 p - a wand of mindburst (10)
 G - a wand of iceblast (7)
 S - a wand of flame (9)
 X - a wand of polymorph (12)
 Z - a wand of charming (14)
Scrolls
 d - 5 scrolls of fog
 e - 6 scrolls of identify
 f - 2 scrolls of torment
 g - 2 scrolls of silence
 j - 4 scrolls of revelation
 k - 2 scrolls of fear
 m - a scroll of poison
 n - 4 scrolls of amnesia
 t - 6 scrolls of enchant armour
 v - 4 scrolls of blinking
 y - 7 scrolls of teleportation
 E - 3 scrolls of vulnerability
 F - 5 scrolls of enchant weapon
 I - a scroll of brand weapon {unknown}
 P - 5 scrolls of immolation
Potions
 h - 2 potions of lignification
 i - 3 potions of magic
 r - 3 potions of attraction
 s - 3 potions of heal wounds
 u - 2 potions of mutation
 x - 5 potions of brilliance
 z - 7 potions of haste
 A - 2 potions of invisibility
 B - 6 potions of might
 D - 4 potions of berserk rage
 H - 10 potions of curing
 K - a potion of resistance
 O - a potion of cancellation
 T - 4 potions of enlightenment
 U - a potion of ambrosia
Miscellaneous
 Y - a condenser vane (inert)


   Skills:
 - Level 12.0 Fighting
 - Level 4.0 Staves
 + Level 10.2 Dodging
 - Level 6.0 Stealth
 - Level 12.0 Spellcasting
 - Level 15.1 Conjurations
 - Level 10.0 Summonings
 - Level 5.0 Translocations
 - Level 8.0 Fire Magic
 - Level 2.0 Air Magic
 - Level 14.0 Alchemy
 - Level 10.0 Evocations


You had 14 spell levels left.
You knew the following spells:

 Your Spells              Type           Power      Damage    Failure   Level
a - Sting                 Conj/Alch      100%       1d9       0%          1
b - Mercury Vapours       Alch/Air       92%        N/A       1%          2
c - Mephitic Cloud        Conj/Alch/Air  71%        N/A       1%          3
d - Fulminant Prism       Conj/Alch      42%        3d19      1%          4
e - Sticky Flame          Fire/Alch      56%        2d10      1%          4
f - Iskenderun's Mystic   Conj/Tloc      70%        2d14      1%          4
g - Alistair's Intoxicat  Alch           42%        N/A       1%          5
A - Blink                 Tloc           66%        N/A       1%          2

Your spell library contained the following spells:

 Spells                   Type           Power      Damage    Failure   Level
 Magic Dart               Conj           100%       1d8       0%          1
 Apportation              Tloc           66%        N/A       1%          1
 Kiss of Death            Conj/Necr      100%       2d13      1%          1
 Summon Small Mammal      Summ           100%       N/A       1%          1
 Call Imp                 Summ           100%       N/A       1%          2
 Lesser Beckoning         Tloc           66%        N/A       1%          2
 Call Canine Familiar     Summ           53%        N/A       1%          3
 Gell's Gravitas          Tloc           33%        N/A       1%          3
 Hailstorm                Conj/Ice       61%        3d11      1%          3
 Inner Flame              Hex/Fire       29%        N/A       1%          3
 Summon Ice Beast         Ice/Summ       33%        N/A       1%          3
 Teleport Other           Tloc           33%        N/A       1%          3
 Volatile Blastmotes      Fire/Tloc      78%        2d16      1%          3
 Flame Wave               Conj/Fire      75%        2d17      1%          4
 Olgreb's Toxic Radiance  Alch           63%        N/A       1%          4
 Summon Blazeheart Golem  Fire/Summ      50%        N/A       1%          4
 Freeze                   Ice            48%        1d6       2%          1
 Necrotise                Necr           48%        1d6       2%          1
 Slow                     Hex            48%        N/A       2%          1
 Martyr's Knell           Necr/Summ      33%        N/A       2%          4
 Passage of Golubria      Tloc           33%        N/A       2%          4
 Jinxbite                 Hex            24%        N/A       3%          2
 Sublimation of Blood     Necr           12%        N/A       3%          2
 Yara's Violent Unravell  Hex/Alch       21%        3d10      3%          5
 Confusing Touch          Hex            12%        N/A       6%          3
 Frozen Ramparts          Ice            24%        1d4       6%          3
 Ozocubu's Armour         Ice            12%        N/A       6%          3
 Sigil of Binding         Hex            12%        N/A       6%          3
 Tukima's Dance           Hex            12%        N/A       6%          3
 Vampiric Draining        Necr           12%        2d6       6%          3
 Sculpt Simulacrum        Ice/Alch       21%        N/A       17%         6
 Dispel Undead            Necr           12%        3d9       21%         4
 Summon Hydra             Summ           26%        N/A       28%         7
 Curse of Agony           Necr           12%        N/A       47%         5
 Metabolic Englaciation   Hex/Ice        6%         N/A       47%         5
 Polar Vortex             Ice            6%         N/A       100%        9


Dungeon Overview and Level Annotations

Branches:
Dungeon (15/15)            Temple (1/1) D:4            Lair (5/5) D:11
  Swamp (0/4) Lair:3        Snake (1/4) Lair:3        Slime (0/5) Lair:5
    Orc (2/2) D:10            Elf (0/3) Orc:2        Vaults (0/5) D:13
 Depths (0/4) D:15        Ossuary (visited)

Altars:
Ashenzari
Cheibriados
Dithmenos
Elyvilon
Fedhas
Gozag
Hepliaklqana
Kikubaaqudgha
Makhleb
Nemelex Xobeh
Okawaru
Qazlal
Ru
Sif Muna
Trog
Uskayaw
Vehumet
Wu Jian
Xom
Yredelemnul
Zin
The Shining One

Shops:
D:4 !   D:7 ?   D:8 (![*   Orc:2 *[(:

Annotations:
Orc:2 2 transporters, DarkMedievalTimes's ghost, journeyman DEAl


Innate Abilities, Weirdness & Mutations

You are amphibious.
You cover ground slowly.
You can hop long distances.
You have an extended range of vision and can be seen from far away.
Your muscles are strong. (Str +4, Int/Dex -1)


Message History

The naga sharpshooter gestures wildly while chanting.
The naga sharpshooter magically shoots a bolt.
The bolt hits you!!
Casting: Fulminant Prism (safe; 1% risk of failure)
Confirm with . or Enter, or press ? or * to list all spells.
Aiming: Fulminant Prism (safe; 1% risk of failure)
Press: ? - help, Dir - move target You feel a surge of power!
You conjure a prism of explosive energy!
A fulminant prism comes into view.
The naga sharpshooter shoots a bolt.
The bolt hits you.
Unknown command.
The naga sharpshooter gestures wildly while chanting.
The naga sharpshooter magically shoots a bolt.
The bolt barely misses you.
Your fulminant prism crackles loudly.
The naga sharpshooter shoots a bolt.
The bolt hits you!!
Your fulminant prism explodes!
The blast of energy engulfs the naga sharpshooter!!
The naga sharpshooter is almost dead.
Casting: Fulminant Prism (safe; 1% risk of failure)
Confirm with . or Enter, or press ? or * to list all spells.
Aiming: Fulminant Prism (safe; 1% risk of failure)
Press: ? - help, Dir - move target You feel a surge of power!
You conjure a prism of explosive energy!
A fulminant prism comes into view.
The naga sharpshooter spits poison at you.
The splash of poison hits you!
You are poisoned.
* * * LOW HITPOINT WARNING * * *
Unknown command.
You feel very sick.
The naga sharpshooter shoots a bolt.
The bolt hits you!
* * * LOW HITPOINT WARNING * * *
Your fulminant prism crackles loudly.
Okay, then.
You feel better.
The naga sharpshooter shoots a bolt.
The bolt hits you!!
You die...
Your body crumbles into a pile of gold.

#..##.## #.#####
#.# #.# #.##...#
#.##....##
#.##.....##
#.##......##
#@##.......### ###
#.##.........##...
#)# #...........##
#.###............#
#..##.............
#*N##............>
#......)..........
#........$...$....
#.......##........


You could see a naga sharpshooter (catching breath, ally target) and a friendly
fulminant prism.

Vanquished Creatures
  Rupert (Orc:2)
  Gastronok (Lair:3)
  An orc warlord (Orc:2)
  A dire elephant (Lair:5)
  Azrael (D:13)
  A fire dragon (D:15)
  Josephine (D:10)
  An ettin (D:15)
  An ice dragon (Lair:5)
  3 vault guards (D:13)
  6 hydras
  4 ogre magi
  6 centaur warriors
  3 boulder beetles
  A catoblepas (Lair:5)
  15 two-headed ogres
  A death knight (D:14)
  3 tengu warriors
  6 death yaks
  2 orc high priests (Orc:2)
  A hell knight (D:15)
  Urug (Orc:1)
  A naga sharpshooter (Snake:1)
  2 skysharks (Lair:2)
  10 skeletal warriors
  A salamander mystic (Snake:1)
  4 mana vipers (Snake:1)
  2 lindwurms (Lair:5)
  A swamp dragon (Lair:5)
  An arcanist (D:13)
  2 bog bodies (Lair:3)
  An oklob plant (Lair:2)
  3 deep elf pyromancers
  5 necromancers
  4 orc knights
  4 orc sorcerers (Orc:2)
  16 ugly things
  2 salamanders (Snake:1)
  4 manticores
  5 cyclopes
  Maurice (Orc:1)
  A kobold blastminer (Orc:2)
  11 elephants
  2 naga magi (Snake:1)
  9 black mambas
  A torpor snail (Lair:3)
  3 gargoyles
  10 cane toads
  Maggie (D:9)
  A rime drake (shapeshifter) (D:14)
  3 unseen horrors
  4 kobold demonologists
  Jeremiah (D:7)
  7 rime drakes
  2 efreet
  6 komodo dragons
  2 tengu conjurers
  6 trolls
  2 polar bears
  2 hornets
  18 blink frogs
  2 dream sheep (Lair:5)
  8 slime creatures
  4 wyverns
  4 shadows
  Sigmund (D:3)
  8 wraiths
  37 yaks
  3 fire elementals (D:13)
  17 humans (D:13)
  A vampire (D:14)
  5 steam dragons
  5 wargs
  8 vampire mosquitoes
  8 basilisks
  3 death yak simulacra (D:14)
  4 acid dragons
  5 hell hounds (D:13)
  11 nagas
  3 hydra simulacra (D:14)
  17 water moccasins
  An ice beast (D:7)
  40 orc warriors
  A swamp drake (Lair:5)
  3 black bears
  4 laughing skulls
  17 ogres
  10 wolves
  9 centaurs
  2 phantoms
  4 kobold brigands
  15 bullfrogs
  2 gnoll sergeants
  2 scorpions
  4 elephant simulacra (D:14)
  9 killer bees
  5 electric eels
  9 howler monkeys
  3 centaur zombies (Ossuary)
  3 human zombies (Ossuary)
  4 hounds
  18 jellies
  4 bombardier beetles
  20 orc priests
  4 gnoll boudas
  2 hell rats
  A sleepcap (D:6)
  7 iguanas
  22 orc wizards
  6 hound zombies (Ossuary)
  2 mummies (Ossuary)
  41 gnolls
  11 adders
  2 river rats (D:11)
  A white imp (D:7)
  A hell rat simulacrum (D:14)
  5 adder zombies (Ossuary)
  4 dart slugs
  A ribbon worm (D:2)
  101 orcs
  13 ball pythons
  9 bats
  25 endoplasms
  4 giant cockroaches
  5 gnoll zombies (Ossuary)
  9 hobgoblins
  15 jackals
  3 quokkas
  5 frilled lizards
  6 goblins
  3 jackal zombies (Ossuary)
  13 kobolds
  5 kobold zombies (Ossuary)
  7 orc zombies (Ossuary)
  8 rats
  4 fulminant prisms
910 creatures vanquished.

Vanquished Creatures (others)
  A human (D:13)
  446 fulminant prisms
447 creatures vanquished.

Grand Total: 1357 creatures vanquished

Notes
Turn   | Place    | Note
-------+----------+-------------------------------------------
     0 | D:1      | Kallu the Barachi Alchemist began the quest for the Orb.
     0 | D:1      | Reached XP level 1. HP: 13/13 MP: 3/3
     9 | D:1      | Noticed a bullfrog
    46 | D:1      | Reached XP level 2. HP: 11/19 MP: 0/6
   155 | D:1      | Learned a level 2 spell: Mercury Vapours
   616 | D:1      | Reached XP level 3. HP: 24/24 MP: 4/7
   702 | D:1      | Got Oseiw's Almanac of Activism
  1023 | D:2      | Reached skill level 1 in Air Magic
  1130 | D:2      | Learned a level 3 spell: Mephitic Cloud
  1388 | D:2      | Reached XP level 4. HP: 20/31 MP: 0/8
  1622 | D:2      | Reached skill level 1 in Fighting
  1738 | D:2      | Found a faded altar of an unknown god.
  1752 | D:2      | Prayed at the altar of an unknown god.
  1752 | D:2      | Became a worshipper of Gozag Ym Sagoz the Greedy
  2387 | D:3      | Noticed Sigmund
  2430 | D:3      | Gained mutation: Your muscles are strong. (Str +4, Int/Dex
                  | -1) [potion of mutation]
  2439 | D:3      | Reached XP level 5. HP: 24/41 MP: 1/9
  2440 | D:3      | Killed Sigmund
  2441 | D:3      | Reached skill level 3 in Conjurations
  2441 | D:3      | Reached XP level 6. HP: 29/48 MP: 0/10
  2904 | D:3      | Reached skill level 4 in Conjurations
  2910 | D:3      | Identified the +7 sling "Maeh" {freeze, Str+5 Dex-5}
  3441 | D:4      | Found a sand-covered staircase.
  3457 | Ossuary  | Entered an ossuary
  3613 | Ossuary  | Reached XP level 7. HP: 54/54 MP: 11/11
  3749 | Ossuary  | Reached skill level 5 in Fighting
  4158 | D:4      | Found a staircase to the Ecumenical Temple.
  4162 | Temple   | Entered the Ecumenical Temple
  4738 | D:4      | Reached XP level 8. HP: 56/64 MP: 7/14
  4909 | D:4      | Reached skill level 5 in Alchemy
  4909 | D:4      | Reached skill level 1 in Fire Magic
  4982 | D:4      | Found Ferusa's Distillery.
  4986 | D:4      | Bought a potion of haste for 120 gold pieces
  4986 | D:4      | Bought a potion of invisibility for 96 gold pieces
  4986 | D:4      | Bought a potion of heal wounds for 60 gold pieces
  4986 | D:4      | Bought a potion of might for 48 gold pieces
  5160 | D:4      | Reached skill level 5 in Spellcasting
  5685 | D:5      | Entered Level 5 of the Dungeon
  5723 | D:5      | Learned a level 4 spell: Fulminant Prism
  5762 | D:5      | Reached skill level 5 in Conjurations
  5776 | D:5      | Reached XP level 9. HP: 69/69 MP: 1/19
  5802 | D:5      | Noticed a troll
  5810 | D:4      | Learned a level 4 spell: Sticky Flame
  5904 | D:5      | Killed a troll
  6320 | D:5      | Reached skill level 6 in Conjurations
  6582 | D:5      | Found an ornate altar of the Wu Jian Council.
  6585 | D:5      | Found a stormy altar of Qazlal.
  6589 | D:5      | Found a burning altar of Makhleb.
  7045 | D:6      | Reached skill level 7 in Conjurations
  7120 | D:6      | Reached skill level 8 in Conjurations
  7321 | D:6      | Found a basalt altar of Yredelemnul.
  8179 | D:7      | Reached XP level 10. HP: 73/80 MP: 14/20
  8507 | D:7      | Noticed Jeremiah
  8564 | D:7      | Killed Jeremiah
  8668 | D:7      | Found Ishrit's Magic Scroll Shoppe.
  8676 | D:7      | Bought a scroll of teleportation for 30 gold pieces
  8806 | D:7      | Found a bloodstained altar of Trog.
  9640 | D:8      | Found Ziggimin's Antique Weapon Shoppe.
  9889 | D:8      | Found a hazy altar of Hepliaklqana.
 10108 | D:8      | Found Tior's Distillery.
 10125 | D:8      | Reached skill level 9 in Conjurations
 10131 | D:8      | Bought a potion of resistance for 120 gold pieces
 10154 | D:8      | Found Koinuczo's Armour Boutique.
 10161 | D:8      | Bought the +4 robe "Iniore" {rN+ Dex+3} for 534 gold pieces
 10208 | D:8      | Found Zodidghue's General Store.
 10768 | D:9      | Noticed Maggie
 10865 | D:9      | Killed Maggie
 10866 | D:9      | Reached skill level 10 in Conjurations
 11100 | D:9      | Found a glowing golden altar of the Shining One.
 11172 | D:9      | Reached XP level 11. HP: 67/86 MP: 10/21
 11244 | D:10     | Entered Level 10 of the Dungeon
 11399 | D:10     | Reached skill level 1 in Evocations
 11515 | D:10     | Noticed Josephine
 11563 | D:10     | Killed Josephine
 11564 | D:10     | Reached skill level 5 in Evocations
 11777 | D:10     | Reached skill level 5 in Dodging
 12270 | D:10     | Found a staircase to the Orcish Mines.
 12599 | D:11     | Noticed a death yak
 12599 | D:11     | Noticed a death yak
 12599 | D:11     | Noticed a death yak
 12599 | D:11     | Noticed a brown ugly thing
 12599 | D:11     | Found a staircase to the Lair.
 12601 | D:11     | Noticed a sixfirhy
 12654 | D:10     | Killed a death yak
 13347 | D:11     | Killed a brown ugly thing
 13947 | D:11     | Noticed a sun demon
 13947 | D:11     | Noticed a soul eater
 13953 | D:10     | Reached skill level 10 in Fighting
 14123 | D:11     | Noticed a centaur warrior
 14129 | D:11     | Killed a centaur warrior
 14130 | D:11     | Reached XP level 12. HP: 26/97 MP: 10/23
 14436 | D:11     | Noticed a sun demon
 14805 | D:10     | Killed a death yak
 14941 | D:10     | Killed a death yak
 14942 | D:10     | Reached skill level 5 in Fire Magic
 15168 | Lair:1   | Entered Level 1 of the Lair of Beasts
 15424 | Lair:1   | Reached skill level 1 in Translocations
 15722 | Lair:1   | Learned a level 4 spell: Iskenderun's Mystic Blast
 16768 | Lair:2   | Paralysed by a hornet for 2 turns
 16932 | Lair:2   | Reached skill level 11 in Conjurations
 17374 | Lair:2   | Noticed a skyshark
 17384 | Lair:2   | Killed a skyshark
 17385 | Lair:2   | Reached skill level 12 in Conjurations
 17472 | Lair:2   | Gained mutation: You can hop long distances. [Barachi
                  | growth]
 17472 | Lair:2   | Reached XP level 13. HP: 66/103 MP: 3/26
 17506 | Lair:2   | Reached skill level 13 in Conjurations
 18810 | Lair:3   | Reached skill level 14 in Conjurations
 19076 | Lair:3   | Found a staircase to the Swamp.
 19724 | Lair:3   | Found a runed translucent door.
 19724 | Lair:3   | Noticed Gastronok
 19750 | Lair:3   | Reached skill level 15 in Conjurations
 20204 | Lair:3   | Killed Gastronok
 20205 | Lair:3   | Reached skill level 5 in Stealth
 20449 | Lair:3   | Found a staircase to the Snake Pit.
 21602 | Lair:3   | Learned a level 2 spell: Blink
 22126 | Lair:4   | Reached XP level 14. HP: 110/110 MP: 9/27
 23287 | Lair:5   | Entered Level 5 of the Lair of Beasts
 23459 | Lair:4   | Reached skill level 10 in Spellcasting
 23812 | Lair:5   | Found a staircase to the Slime Pits.
 25741 | Lair:5   | Identified the +13 chain mail "Wous Oxizy" {Regen+}
 25899 | Lair:5   | Noticed a dire elephant
 25940 | Lair:5   | Killed a dire elephant
 26300 | Lair:5   | Identified 2 scrolls of acquirement
 26747 | D:12     | Found a burning altar of Makhleb.
 27322 | D:12     | Reached skill level 10 in Evocations
 28394 | D:12     | Found an iron altar of Okawaru.
 28509 | D:12     | Reached XP level 15. HP: 96/117 MP: 29/31
 29588 | D:13     | Learned a level 5 spell: Alistair's Intoxication
 29745 | D:13     | Identified the +9 sling of the Ten Friends {drain, ^Contam
                  | Str+8 Dex-5 SInv}
 30404 | D:13     | Reached skill level 10 in Alchemy
 30823 | D:13     | Noticed Azrael
 31235 | D:13     | Acquired the ring "Naschab" {Wiz rF+ Str+6}
 31241 | D:13     | Acquired 590 gold pieces
 31301 | D:13     | Reached skill level 1 in Staves
 31791 | Orc:1    | Entered Level 1 of the Orcish Mines
 31798 | Orc:1    | Reached skill level 5 in Translocations
 32201 | Orc:1    | Noticed Maurice
 32469 | Orc:1    | Killed Maurice
 32569 | Orc:1    | Noticed Urug
 32708 | Orc:1    | Killed Urug
 33328 | Orc:2    | Entered Level 2 of the Orcish Mines
 33328 | Orc:2    | Found Zaruwoef's Antique Armour Shoppe.
 33336 | Orc:2    | Noticed an orc warlord
 33696 | Orc:2    | Found Nakkiley's Book Shop.
 34069 | Orc:2    | Found a staircase to the Elven Halls.
 34069 | Orc:2    | Found the +15 Maxwell's patent armour {-Cast -Tele rElec
                  | Will+ rCorr}
 34380 | Orc:2    | Found Lexump's Antique Weapon Shoppe.
 34675 | Orc:2    | Found Nisurgho's General Store.
 34692 | Orc:2    | Bought a potion of haste for 130 gold pieces
 34735 | Orc:2    | Found a transporter.
 34945 | Orc:2    | Noticed Rupert
 34947 | Orc:2    | Found a transporter.
 34947 | Orc:2    | Noticed DarkMedievalTimes's ghost (journeyman DEAl)
 35111 | Orc:2    | Killed Rupert
 35112 | Orc:2    | Reached XP level 16. HP: 127/127 MP: 4/32
 36384 | D:13     | Killed Azrael
 36618 | D:13     | Found a gate to the Vaults.
 37666 | D:14     | Reached skill level 5 in Summonings
 38257 | D:15     | Entered Level 15 of the Dungeon
 38726 | D:15     | Paralysed by an ogre mage for 3 turns
 38982 | D:15     | HP: 1/127 [two-headed ogre/+0 giant spiked club (26)]
 39553 | D:15     | Found a staircase to the Depths.
 39977 | D:15     | Reached skill level 10 in Summonings
 40939 | Snake:1  | Entered Level 1 of the Snake Pit
 41777 | Snake:1  | Reached skill level 10 in Dodging
 42118 | Snake:1  | Shot with a bolt by a naga sharpshooter

Illustrated notes

Levels and vault maps discovered:
D:1:      evilmike_arrival_come_back, layout_rooms, minmay_misc_feat_room
D:2:      minmay_razor_zed, layout_basic, dilly_ecumenical_altar_fadedgnrine
D:3:      layout_basic, uniq_sigmund
D:4:      lemuel_castle_with_subvaults [lemuel_castle_interior_carwin_2],
          layout_basic, minmay_temple_entry_glassed_door,
          chequers_ossuary_entry_cave, portal_sewer_entry_c, serial_shops, shop
D:5:      layout_basic, grunt_temple_overflow_diamond
D:6:      black_bear_nest_2, layout_basic, mainiacjoe_overflow_catwalk
D:7:      layout_cave_pools, overflow_temple_1_default, serial_shops,
          nicolae_shop_rolling_square, uniq_jeremiah
D:8:      layout_loops_ring, kennysheep_little_box, serial_shops,
          nicolae_take_the_stairs, nicolae_shop_statue_plus, shop,
          nicolae_shop_industrial_runoff, chequers_big_river
D:9:      layout_roguey, tso_altar, uniq_maggie
D:10:     layout_small_grid, orc_david_3, uniq_josephine
D:11:     layout_rooms, dpeg_lair_monsters, minmay_circle_x
D:12:     layout_stronghold, hangedman_feature_mirror, minivault_12
D:13:     layout_basic, grunt_vaults_entry_tiered, uniq_azrael
D:14:     layout_roguey [special_room_orc], nicolae_figureground_pulse,
          eino_house_with_fridge
D:15:     hangedman_depths_entry_civil_slaughter, layout_loops_cross,
          corexii_leaking_fountain
Temple:   hellmonk_temple_of_storms
Lair:1:   layout_cave_pods, infiniplex_staircase_pool_2
Lair:2:   lemuel_slime, layout_long_grid
Lair:3:   layout_small_grid, nicolae_swamp_entry_splash_gauntlet,
          minmay_snake_entry_guardpost_small, pf_torpor_hydra, uniq_gastronok
Lair:4:   layout_regular_city, chequers_serial_rivers_small_a,
          grunt_megastairs_4
Lair:5:   hangedman_lair_in_review, layout_regular_city,
          guppyfry_lair_end_dragon, minmay_slime_entry_jelly_boxes
Snake:1:  layout_onion_interference
Orc:1:    layout_diamond_mine, uniq_urug, uniq_maurice
Orc:2:    grunt_orc_gardens, layout_caves, grunt_orc_garden, grunt_orc_garden,
          grunt_orc_garden, grunt_orc_garden, gammafunk_ghost_arena,
          dreamdust_deal_with_the_devil, uniq_rupert

Skill      XL: |  1  2  3  4  5  6  7  8  9 10 11 12 13 14 15 16 |
---------------+-------------------------------------------------+-----
Spellcasting   | 3 4 7 9 12 | 12.0
Alchemy        | 4 5 9 13 14 | 14.0
Air Magic      | 2 |  2.0
Fighting       | 3 4 6 8 10 12 | 12.0
Conjurations   | 3 4 5 8 10 12 15 | 15.1
Dodging        | 3 4 8 10 | 10.2
Fire Magic     | 2 4 6 7 8 |  8.0
Stealth        | 3 4 6 |  6.0
Evocations     | 5 7 10 | 10.0
Translocations | 3 5 |  5.0
Staves         | 4 |  4.0
Summonings     | 10 | 10.0

Action                     |  1- 3 |  4- 6 |  7- 9 | 10-12 | 13-15 | 16-18 || total
---------------------------+-------+-------+-------+-------+-------+-------++-------
  Melee: Mace              |    52 |    36 |       |       |       |       ||    88
         Halberd           |       |    60 |   221 |   294 |   323 |       ||   898
         Long sword        |       |       |     2 |       |       |       ||     2
         Staff             |       |       |       |       |    64 |   113 ||   177
         Punch             |       |       |       |       |       |     3 ||     3
   Fire: Sling             |       |    45 |    12 |       |       |       ||    57
  Throw: Javelin           |       |       |       |       |     3 |       ||     3
   Cast: Sting             |    47 |    36 |   151 |   137 |   176 |    64 ||   611
         Mercury Vapours   |     5 |     9 |    15 |    27 |    34 |    10 ||   100
         Mephitic Cloud    |       |       |     7 |    24 |    13 |     4 ||    48
         Fulminant Prism   |       |       |    14 |    75 |   256 |   106 ||   451
         Sticky Flame      |       |       |     3 |    42 |    90 |    24 ||   159
         Iskenderun's Myst |       |       |       |     5 |    40 |    33 ||    78
         Blink             |       |       |       |       |     2 |     1 ||     3
         Alistair's Intoxi |       |       |       |       |    17 |     7 ||    24
Ability: Hop               |       |     1 |     7 |     9 |    28 |    13 ||    58
  Evoke: Wand              |       |       |       |       |    17 |    11 ||    28
         Condenser vane    |       |       |       |       |     1 |     2 ||     3
    Use: Potion            |       |     5 |       |       |     4 |     1 ||    10
         Scroll            |       |     1 |       |       |    22 |     1 ||    24
   Stab: Sleeping          |       |     2 |     1 |     1 |     2 |       ||     6
         Confused          |       |       |     1 |     4 |     4 |     1 ||    10
         Distracted        |       |       |     1 |     1 |     2 |     2 ||     6
 Armour: Robe              |    41 |   105 |   155 |   331 |   537 |   149 ||  1318
         Skin              |       |    29 |       |       |       |       ||    29
  Dodge: Dodged            |    80 |   214 |   394 |   545 |   811 |   150 ||  2194
